 Dungeon Crawl Stone Soup version 0.31.0-32-g396128a36d (webtiles) character file.

Game seed: 16784594469942004222

30530 Alphaeus the Metamorph (level 13, -12/135 HPs)
             Began as a Troll Shapeshifter on Mar 19, 2024.
             Was a High Priest of Qazlal.
             Mangled by a vault guard
             ... wielding a +2 great sword
              (15 damage)
             ... on level 12 of the Dungeon.
             The game lasted 00:18:49 (10809 turns).

Alphaeus the Metamorph (Troll Shapeshifter)        Turns: 10809, Time: 00:18:49

Health: -12/135    AC:  9    Str: 29    XL:     13   Next: 21%
Magic:  21/21      EV:  9    Int:  6    God:    Qazlal [*****.]
Gold:   844        SH:  6    Dex:  9    Spells: 12/12 levels left

rFire   + .          .
                       - Unarmed
rCold   + . .        (no shield)
rNeg    . . .        a - +2 robe {rC+ rF+}
rPois   +            (helmet currently unavailable)
rElec   .            (cloak currently unavailable)
rCorr   .            (gloves unavailable)
SInv    .            (boots unavailable)
Will    +....        K - amulet of regeneration
Stlth   +            y - ring of flight
HPRegen 2.02/turn    N - ring "Kuquuxke" {rPois Will+ MP+9}
MPRegen 0.17/turn

%: repel missiles
@: about to teleport, beast-form, protected from physical damage, flying
A: beast (slay +4), large, unfitting armour, claws 3, regeneration 1, shaggy fur
1, tough skin 1
a: Begin Untransformation, Renounce Religion, Upheaval, Elemental Force,
Disaster Area


You were on level 12 of the Dungeon.
You worshipped Qazlal.
Qazlal was extremely pleased with you.
You were a hulking beast.
You visited 3 branches of the dungeon, and saw 16 of its levels.
You also visited: Ice Cave.

You collected 844 gold pieces.

Inventory:

Hand Weapons
 s - a +1 hand cannon of freezing
 O - a +4 scimitar of flaming
Missiles
 l - a throwing net (quivered)
Armour
 a - a +2 robe of resistance (worn)
 p - a +2 troll leather armour {Pargi}
 v - a +0 kite shield
 F - +0 steam dragon scales
Jewellery
 y - a ring of flight (left claw)
 A - the ring of Nuni {Ice Dex+3}
   (You found it on level 1 of the Lair of Beasts)

   [ring of ice]

   Ice:       It enhances your ice magic.
   Dex+3:     It affects your dexterity (+3).
   rF-:       It makes you vulnerable to fire.
   rC+:       It protects you from cold.
 K - an amulet of regeneration (around neck)
 M - a ring of positive energy
 N - the ring "Kuquuxke" (right claw) {rPois Will+ MP+9}
   (You found it on level 12 of the Dungeon)

   [ring of willpower]

   rPois:     It protects you from poison Will+: It increases your willpower.
   MP+9:      It affects your magic capacity (+9).
Talismans
 c - a beast talisman (active)
 d - a flux talisman
 C - a storm talisman
Wands
 q - a wand of digging (17)
 t - a wand of paralysis (17)
 w - a wand of flame (19)
 E - a wand of iceblast (11)
 G - a wand of mindburst (8)
 H - a wand of polymorph (3)
 J - a wand of light (18)
Scrolls
 e - 3 scrolls of teleportation
 f - 2 scrolls of fear
 h - 2 scrolls of enchant weapon
 n - a scroll of enchant armour
 o - 4 scrolls of amnesia
 u - 2 scrolls of noise
 x - 2 scrolls of immolation
 B - a scroll of revelation
Potions
 b - a potion of lignification
 g - 2 potions of brilliance {unknown}
 i - 2 potions of mutation
 j - 4 potions of attraction
 m - 2 potions of invisibility
 I - a potion of berserk rage {unknown}
 L - a potion of resistance {unknown}
Miscellaneous
 k - a lightning rod (4/4)
 D - a phial of floods


   Skills:
 + Level 10.3 Fighting
 - Level 1.5 Dodging
 - Level 10.0 Unarmed Combat
 * Level 15.6 Shapeshifting


You had 12 spell levels left.
You didn't know any spells.
Your spell library contained the following spells:

 Spells                   Type           Power      Damage    Failure   Level
 Freeze                   Ice            0%         1d3       45%         1
 Magic Dart               Conj           0%         1d3       45%         1
 Necrotise                Necr           0%         1d4       45%         1
 Shock                    Conj/Air       0%         1d3       45%         1
 Cigotuvi's Dreadful Rot  Necr/Alch/Air  0%         N/A       58%         2
 Ensorcelled Hibernation  Hex/Ice        0%         N/A       58%         2
 Searing Ray              Conj           0%         2d4       58%         2
 Frozen Ramparts          Ice            0%         1d1       83%         3
 Hailstorm                Conj/Ice       0%         3d5       83%         3
 Ozocubu's Armour         Ice            0%         N/A       83%         3
 Passwall                 Erth           0%         N/A       83%         3
 Swiftness                Air            0%         N/A       83%         3
 Vampiric Draining        Necr           0%         2d6       83%         3
 Airstrike                Air            0%         2d(0-16)  99%         4
 Brom's Barrelling Bould  Conj/Erth      0%         2d3       99%         4
 Dispel Undead            Necr           0%         3d6       99%         4
 Fulminant Prism          Conj/Alch      0%         3d5       99%         4
 Martyr's Knell           Necr/Summ      0%         N/A       99%         4
 Curse of Agony           Necr           0%         N/A       100%        5
 Fireball                 Conj/Fire      0%         3d3       100%        5
 Iskenderun's Battlesphe  Conj           0%         2d6       100%        5
 Conjure Ball Lightning   Conj/Air       0%         3x3d6     100%        6
 Death Channel            Necr           0%         N/A       100%        6
 Orb of Destruction       Conj           0%         9d5       100%        7
 Ozocubu's Refrigeration  Ice            0%         4d7       100%        7


Dungeon Overview and Level Annotations

Branches:
Dungeon (13/15)            Temple (1/1) D:7            Lair (2/5) D:9
    Orc (0/2) D:12         Vaults (0/5) D:13          IceCv (visited)
  Swamp: Lair:2-3    Shoals: Lair:2-3     Snake: Lair:2-3    Spider: Lair:2-3

Altars:
Ashenzari
Cheibriados
Dithmenos
Elyvilon
Fedhas
Gozag
Hepliaklqana
Kikubaaqudgha
Makhleb
Nemelex Xobeh
Okawaru
Qazlal
Ru
Sif Muna
Trog
Uskayaw
Vehumet
Wu Jian
Xom
Yredelemnul
Zin
The Shining One

Shops:
D:1 ?

Annotations:
Lair:2 3 runed translucent doors, seawaffle's ghost, journeyman GrFi


Innate Abilities, Weirdness & Mutations

You are a hulking beast.
Your limbs bulge with bestial killing power. (Slay +4)
You are too large for most types of armour.
You have claws for hands.
Your natural rate of healing is unusually fast.
You are covered in fur. (AC +1)
You have tough skin. (AC +1)


Message History

The vault guard is engulfed in blazing flames.
The vault guard hits you with a +0 long sword!
The vault guard barely misses you.
The centaur warrior shoots an arrow.
The arrow misses you.
The vault guard hits you with a +2 great sword!!
A vault guard comes into view. It is wielding a +0 great sword.
The vault guard hits you with a +2 battleaxe.
The vault guard is engulfed in blazing flames.
The vault guard hits you with a +0 long sword!
There is a stone staircase leading up, spattered with blood here.
The centaur warrior shoots an arrow.
The arrow hits you.
The centaur warrior shoots an arrow.
The arrow closely misses you.
The vault guard hits you with a +2 great sword!
The vault guard is engulfed in blazing flames.
The vault guard hits you with a +0 long sword.
The vault guard hits you with a +2 battleaxe!
You feel more protected from physical attacks.
You fly upwards.
There is a stone staircase leading down here.
As you read the scroll of teleportation, it crumbles to dust.
You feel strangely unstable.
The vault guard hits you with a +2 great sword!!
The vault guard barely misses you.
The vault guard hits you with a +2 battleaxe!
* * * LOW HITPOINT WARNING * * *
You feel more protected from physical attacks.
You barely miss the vault guard.
The vault guard hits you with a +2 great sword!
* * * LOW HITPOINT WARNING * * *
You feel more protected from physical attacks.
Okay, then.
Okay, then.
You barely miss the vault guard.
The vault guard hits you with a +2 battleaxe!
* * * LOW HITPOINT WARNING * * *
You feel more protected from physical attacks.
The vault guard is engulfed in a thunderstorm.
The vault guard barely misses you.
The vault guard hits you with a +2 great sword!
You die...

##...# #...## ##...###
##......#### #..........###
##..........~.# ### #####
##....#...°..~.######.#
....####.......p§[...~.......#
####............hp§..~.#######
###.............☼p...~.#
#...........####.§§.~~.#
............# #....~..#
............####...~~..#
#........<...##.)...~..#
#............##....~~..#
#..........#.#.....~...#
##........###÷..~~.~.~.##


You could see 3 vault guards.

Vanquished Creatures
  Azrael (D:12)
  2 vault guards (D:12)
  A boulder beetle (D:12)
  The ghost of TerraPolaris the Cleaver, a novice MiFi (D:9)
  3 two-headed ogres
  A sun demon (D:12)
  Amaemon (Lair:1)
  2 bog bodies (IceCv)
  2 deep elf pyromancers
  Pikel (D:7)
  2 ugly things
  A cyclops (D:11)
  2 manticores
  An elephant (D:9)
  An ice statue (IceCv)
  3 black mambas
  An orange demon (Lair:1)
  Maggie (D:8)
  A gargoyle (D:12)
  2 cane toads
  A rime drake (Lair:2)
  6 komodo dragons
  2 ice devils
  An anaconda simulacrum (IceCv)
  2 trolls (D:10)
  A polar bear (D:12)
  4 blink frogs
  A centaur simulacrum (D:12)
  A shadow (D:12)
  Sigmund (D:2)
  2 vampires
  3 basilisks (Lair:1)
  15 yaks
  2 fire elementals (D:12)
  A wyvern (Lair:1)
  2 steam dragons
  3 vampire mosquitoes (D:12)
  Edmund (D:5)
  3 death yak simulacra (IceCv)
  9 water moccasins
  An acid dragon (D:12)
  A hydra simulacrum (IceCv)
  2 hell hounds (D:12)
  3 orc warriors
  Pargi (D:3)
  2 black bears
  3 sky beasts
  2 ice beasts
  3 ogres
  11 wolves
  15 centaurs
  2 phantoms (D:5)
  3 kobold brigands
  A lemure (D:7)
  7 bullfrogs
  3 gnoll sergeants
  4 cane toad simulacra (IceCv)
  6 two-headed ogre simulacra (IceCv)
  3 scorpions
  5 wights (D:7)
  An elephant simulacrum (IceCv)
  5 killer bees (D:11)
  3 howler monkeys
  2 electric eels (D:12)
  3 bombardier beetles
  4 crimson imps (D:12)
  3 hounds (D:5)
  Crazy Yiuf (D:3)
  6 orc priests
  A gnoll bouda (D:10)
  3 orc wizards
  A sleepcap (D:6)
  3 iguanas
  A troll simulacrum (IceCv)
  5 spriggan simulacra (IceCv)
  A polar bear simulacrum (IceCv)
  6 wolf simulacra (IceCv)
  A boggart simulacrum (D:12)
  22 gnolls
  7 adders
  6 naga simulacra (IceCv)
  2 shadow imps
  15 white imps
  7 ufetubi
  A dart slug (D:4)
  13 orcs
  8 ball pythons
  4 endoplasms
  4 giant cockroaches
  5 goblins
  8 hobgoblins
  15 jackals
  17 kobolds
  4 quokkas
  3 bats
  3 frilled lizards
  21 rats
384 creatures vanquished.

Notes
Turn   | Place    | Note
-------+----------+-------------------------------------------
     0 | D:1      | Alphaeus the Troll Shapeshifter began the quest for the
                  | Orb.
     0 | D:1      | Reached XP level 1. HP: 18/18 MP: 0/0
   119 | D:1      | Reached skill level 1 in Fighting
   121 | D:1      | Reached XP level 2. HP: 25/27 MP: 1/1
   385 | D:1      | Found Zefacw's Magic Scroll Boutique.
   921 | D:2      | Reached XP level 3. HP: 24/33 MP: 2/2
   949 | D:2      | Reached XP level 4. HP: 26/41 MP: 3/3
  1195 | D:2      | Noticed Sigmund
  1218 | D:2      | Killed Sigmund
  1219 | D:2      | Reached skill level 4 in Shapeshifting
  1219 | D:2      | Reached XP level 5. HP: 28/49 MP: 4/4
  1660 | D:3      | Reached XP level 6. HP: 38/57 MP: 5/5
  1777 | D:3      | Found a runed translucent door.
  1778 | D:3      | Noticed Crazy Yiuf
  1908 | D:3      | Noticed Pargi
  1929 | D:3      | Killed Pargi
  1930 | D:3      | Reached skill level 5 in Unarmed Combat
  2086 | D:3      | Found a shadowy altar of Dithmenos.
  2087 | D:3      | Found a basalt altar of Yredelemnul.
  2173 | D:3      | Killed Crazy Yiuf
  2174 | D:3      | Reached skill level 5 in Shapeshifting
  2282 | D:4      | Found a blossoming altar of Fedhas.
  2440 | D:4      | Noticed an ice beast
  2446 | D:4      | Killed an ice beast
  2447 | D:4      | Reached XP level 7. HP: 66/66 MP: 6/6
  2538 | D:4      | You fall into a shaft and drop 2 floors!
  2609 | D:5      | Entered Level 5 of the Dungeon
  3210 | D:5      | Noticed Edmund
  3219 | D:5      | Killed Edmund
  3220 | D:5      | Reached skill level 6 in Shapeshifting
  3220 | D:5      | Reached XP level 8. HP: 6/75 MP: 7/7
  3220 | D:5      | HP: 1/75 [poisoned by Edmund]
  4007 | D:7      | Reached skill level 7 in Shapeshifting
  4078 | D:7      | Reached XP level 9. HP: 84/84 MP: 8/8
  4133 | D:7      | Found a staircase to the Ecumenical Temple.
  4139 | Temple   | Entered the Ecumenical Temple
  4161 | Temple   | Became a worshipper of Qazlal Stormbringer
  4192 | D:7      | Noticed Pikel
  4210 | D:7      | Killed Pikel
  4217 | D:7      | Reached skill level 8 in Shapeshifting
  4442 | D:7      | Reached skill level 5 in Fighting
  4542 | D:8      | Reached * piety under Qazlal
  4930 | D:8      | Noticed a two-headed ogre
  4936 | D:8      | Killed a two-headed ogre
  4937 | D:8      | Reached skill level 9 in Shapeshifting
  4937 | D:8      | Reached XP level 10. HP: 84/96 MP: 9/9
  5151 | D:8      | Noticed Maggie
  5164 | D:8      | Killed Maggie
  5165 | D:8      | Reached skill level 10 in Unarmed Combat
  5258 | D:9      | Reached skill level 10 in Shapeshifting
  5317 | D:9      | Noticed a two-headed ogre
  5327 | D:9      | Killed a two-headed ogre
  5361 | D:9      | Noticed TerraPolaris's ghost (novice MiFi)
  5403 | D:9      | Found a runed translucent door.
  5407 | D:9      | Noticed a deep elf pyromancer
  5419 | D:9      | Reached ** piety under Qazlal
  5485 | D:9      | Killed a deep elf pyromancer
  5486 | D:9      | Reached skill level 11 in Shapeshifting
  5486 | D:9      | Reached XP level 11. HP: 109/109 MP: 10/10
  5572 | D:9      | Found a staircase to the Lair.
  5719 | D:9      | Found a sacrificial altar of Ru.
  5719 | D:9      | Found a bloodstained altar of Trog.
  5770 | D:9      | Killed TerraPolaris's ghost
  5971 | D:10     | Entered Level 10 of the Dungeon
  6040 | D:10     | Noticed a two-headed ogre
  6047 | D:10     | Killed a two-headed ogre
  6142 | D:10     | Found a radiant altar of Vehumet.
  6466 | D:10     | Reached skill level 12 in Shapeshifting
  6866 | D:11     | Noticed a purple ugly thing
  7122 | D:11     | Found a burning altar of Makhleb.
  7263 | D:11     | Killed a purple ugly thing
  7556 | Lair:1   | Entered Level 1 of the Lair of Beasts
  7598 | Lair:1   | Reached *** piety under Qazlal
  7685 | Lair:1   | Reached skill level 13 in Shapeshifting
  7813 | Lair:1   | Found a dark tunnel.
  7826 | Lair:1   | Noticed Amaemon
  7838 | Lair:1   | Reached XP level 12. HP: 122/122 MP: 11/11
  7840 | Lair:1   | Paralysed by Amaemon for 3 turns
  7846 | Lair:1   | Killed Amaemon
  7880 | Lair:1   | Identified the ring of Nuni {Ice Dex+3}
  8552 | Lair:2   | Found a runed translucent gate.
  8552 | Lair:2   | Found a runed translucent gate.
  8552 | Lair:2   | Found a runed translucent gate.
  8552 | Lair:2   | Noticed seawaffle's ghost (journeyman GrFi)
  8721 | Lair:2   | Noticed an eight-headed hydra
  8763 | Lair:2   | Reached skill level 14 in Shapeshifting
  8768 | Lair:2   | Reached **** piety under Qazlal
  8914 | D:12     | Found a staircase to the Orcish Mines.
  8975 | D:12     | Found a frozen archway.
  9002 | IceCv    | Entered an ice cave
  9249 | IceCv    | Reached ***** piety under Qazlal
  9426 | IceCv    | Got Vaubae Duihi's Secrets of the Violent Winter
  9690 | D:12     | Reached skill level 15 in Shapeshifting
  9784 | D:12     | Noticed a boulder beetle
  9797 | D:12     | Killed a boulder beetle
  9867 | D:12     | Reached skill level 10 in Fighting
  9873 | D:12     | Noticed Azrael
  9881 | D:12     | HP: 6/126 [fire elemental[Azrael] (11)]
 10021 | D:12     | Reached XP level 13. HP: 125/133 MP: 12/12
 10168 | D:12     | Identified the ring "Kuquuxke" {rPois Will+ MP+9}
 10409 | D:12     | Killed Azrael
 10703 | D:13     | Found a gate to the Vaults.
 10722 | D:12     | HP: 6/199 [vault guard/+0 great sword (11)]
 10727 | D:12     | HP: 9/199 [vault guard/+0 great sword (14)]
 10809 | D:12     | HP: 3/135 [vault guard/+2 battleaxe (11)]
 10809 | D:12     | Mangled by a vault guard

Illustrated notes

Levels and vault maps discovered:
D:1:      spicycebolla_green_bress_n_ham, layout_basic, serial_shops,
          nicolae_shop_pleasant_corner_grove
D:2:      layout_basic, minivault_25, uniq_sigmund
D:3:      layout_rooms, nicolae_overflow_hidden_temple, minmay_rat_hole,
          uniq_pargi, uniq_grinder, uniq_crazy_yiuf_cottage
D:4:      layout_basic, mainiacjoe_overflow_24_doors, serial_bayou_lake_a
D:5:      layout_rooms, uniq_edmund
D:6:      layout_basic
D:7:      layout_cave_pools, minmay_temple_entry_proselytizer, uniq_pikel
D:8:      layout_loops_cross, uniq_maggie
D:9:      layout_big_octagon, gammafunk_temple_overflow_wave,
          grunt_lair_entry_orc_guard_hut, hellmonk_ghost_happy_afterlife
D:10:     layout_irregular_city, nicolae_vehumet_radiance
D:11:     layout_irregular_city, hangedman_abyss_or_decor_stabs, bloody_makhleb
D:12:     layout_cave_pods, minmay_orc_entry_temple_small, serial_ice,
          serial_ice_k, serial_ice_a, serial_ice_h, serial_ice_f,
          portal_ice_cave_entry_pillars_2, grunt_decor_fettered,
          minmay_fire_ice_demons, uniq_azrael
D:13:     layout_stronghold, erik_vaults_2, serial_shops, shop
Temple:   kb_temple_of_zot
Lair:1:   layout_roguey, nicolae_volcano_entry_hallway,
          nicolae_quartered_pool_impasse, st_stairs_6, uniq_amaemon
Lair:2:   layout_cave_pods, gammafunk_ghost_necromancy

Skill      XL: |  1  2  3  4  5  6  7  8  9 10 11 12 |
---------------+-------------------------------------+-----
Fighting       | 1 2 3 4 5 7 8 10 | 10.3
Unarmed Combat | 4 5 6 8 9 10 | 10.0
Shapeshifting  | 4 5 6 7 9 11 13 15 | 15.6
Dodging        | |  1.5

Action                     |  1- 3 |  4- 6 |  7- 9 | 10-12 | 13-15 || total
---------------------------+-------+-------+-------+-------+-------++-------
  Melee: Unarmed           |    69 |    90 |   215 |   550 |    64 ||   988
         Punch             |     3 |     3 |     8 |    45 |     4 ||    63
    Use: Potion            |       |       |     2 |     9 |     6 ||    17
         Scroll            |       |       |       |    26 |     1 ||    27
   Stab: Sleeping          |     1 |       |       |       |       ||     1
 Armour: Animal skin       |    39 |    46 |       |       |       ||    85
         Troll leather arm |       |     4 |   191 |   459 |       ||   654
         Skin              |       |       |       |    35 |    30 ||    65
         Robe              |       |       |       |    46 |    74 ||   120
  Dodge: Dodged            |    26 |    44 |   112 |   280 |    41 ||   503
         Repelled          |       |       |       |     3 |     3 ||     6
  Block: Other             |       |       |     1 |    91 |    13 ||   105
   Form: Beast             |       |       |       |     1 |       ||     1
         Flux              |       |       |       |     1 |       ||     1
